 Dungeon Crawl Stone Soup version 0.19-a0-1182-g094b998 (webtiles) character file.

37 JeffiDaFish the Firebug (level 3, 0/26 HPs)
             Began as a Demigod Fire Elementalist on Aug 17, 2016.
             Killed from afar by Robin (12 damage)
             ... with a wand of flame
             ... on level 2 of the Dungeon.
             The game lasted 00:05:04 (1228 turns).

JeffiDaFish the Firebug (Demigod Fire Elementalist) Turns: 1228, Time: 00:05:05

Health: 0/26       AC:  2    Str: 11    XL:     3   Next: 8%
Magic:  4/8        EV: 13    Int: 21    God:
Gold:   97         SH:  0    Dex: 16    Spells: 2 memorised, 2 levels left

rFire  . . .     SeeInvis .     d - +0 short sword
rCold  . . .     Gourm    .     a - +0 robe
rNeg   . . .     Faith    .     (no shield)
rPois  .         Spirit   .     (no helmet)
rElec  .         Dismiss  .     (no cloak)
rCorr  .         Reflect  .     (no gloves)
MR     .....     Harm     .     (no boots)
Stlth  ++........               (no amulet)
                                (no ring)
                                (no ring)

@: very slightly contaminated
A: high mp 1
a: no special abilities


You were on level 2 of the Dungeon.
You were not hungry.

You visited 1 branch of the dungeon, and saw 2 of its levels.

You collected 97 gold pieces.

Inventory:

Hand Weapons
 d - a +0 short sword (weapon)
 i - a +1 dagger of electrocution
Armour
 a - a +0 robe (worn)
Jewellery
 g - an uncursed ring of positive energy {unknown}
Potions
 e - a potion of mutation {unknown}
 j - 2 potions of magic {unknown}
Books
 b - a book of Flames

   Spells                             Type                      Level
   a - Flame Tongue                   Conjuration/Fire             1
   b - Throw Flame                    Conjuration/Fire             2
   c - Conjure Flame                  Conjuration/Fire             3
   d - Inner Flame                    Hexes/Fire                   3
   e - Sticky Flame                   Conjuration/Fire             4
   f - Fireball                       Conjuration/Fire             5
Comestibles
 c - a bread ration
 f - a meat ration
 h - 8 chunks of flesh


   Skills:
 + Level 0.1 Fighting
 + Level 0.1 Short Blades
 + Level 2.1 Dodging
 + Level 2.1 Stealth
 + Level 1.8 Spellcasting
 + Level 1.0 Conjurations
 + Level 3.4 Fire Magic


You had 2 spell levels left.
You knew the following spells:

 Your Spells              Type           Power        Failure   Level  Hunger
a - Flame Tongue          Conj/Fire      ##...        8%          1    #......
b - Throw Flame           Conj/Fire      ##....       12%         2    ###....


Dungeon Overview and Level Annotations

Branches:
Dungeon (2/15)

Annotations:
D:2 Robin


Innate Abilities, Weirdness & Mutations

You have an increased reservoir of magic. (+10% MP)


Message History

The kobold throws a stone.
The stone hits you.
You see here a stone.
Casting: Flame Tongue
Confirm with . or Enter, or press ? or * to list all spells.
Aiming: Flame Tongue
Press: ? - help, Shift-Dir - straight line, f - Robin
Aim: Robin, wielding a club, wearing an animal skin, wearing a helmet and carrying a wand of flame {zapped: 1} The flame tongue hits Robin.
Robin is heavily wounded.
The goblin shouts!
The kobold throws a stone.
The stone closely misses you.
Robin drinks a potion.
Robin is healed!
Casting: Flame Tongue
Confirm with . or Enter, or press ? or * to list all spells.
Aiming: Flame Tongue
Press: ? - help, Shift-Dir - straight line, f/p - Robin
Aim: Robin, wielding a club, wearing an animal skin, wearing a helmet and carrying a wand of flame {zapped: 1} The flame tongue misses Robin.
The kobold throws a stone.
The stone misses you.
Robin zaps a wand.
The puff of flame hits you!
You die...

#.......#
##.#.##.#
#.#.##.#
#)#.##.# #
#)#.##.#.##
##.#........
#.()......##
#.##.##.#...
#...@.......
...)..#....#..#
K###g##........
#..........#
g...###.##<#
##... .# . #.#g
## g.


You could see Robin, 2 goblins and a kobold.

Vanquished Creatures
  2 dart slugs (D:1)
  A giant cockroach (D:1)
  10 goblins
  5 hobgoblins
  2 jackals (D:1)
  3 kobolds
  3 bats
  2 giant newts (D:1)
28 creatures vanquished.

Notes
Turn   | Place    | Note
-------+----------+-------------------------------------------
     0 | D:1      | JeffiDaFish the Demigod Fire Elementalist began the quest for the Orb.
     0 | D:1      | Reached XP level 1. HP: 14/14 MP: 5/5
   161 | D:1      | Reached skill level 3 in Fire Magic
   230 | D:1      | Reached XP level 2. HP: 14/20 MP: 2/7
   258 | D:1      | Learned a level 2 spell: Throw Flame
   803 | D:1      | HP: 1/20 [hobgoblin/club (6)]
  1159 | D:2      | Noticed Robin
  1178 | D:2      | Reached skill level 1 in Conjurations
  1178 | D:2      | Reached XP level 3. HP: 24/26 MP: 3/8
  1228 | D:2      | Killed from afar by Robin

Vault maps used:
D:1:      eino_arrival_water_star
D:2:      kennysheep_the_goblin_king, uniq_robin

Skill      XL: |  1  2 |
---------------+-------+-----
Fire Magic     | 3 |  3.4
Dodging        | 2 |  2.1
Stealth        | 2 |  2.1
Conjurations   | 1 |  1.0
Fighting       | |  0.1
Short Blades   | |  0.1
Spellcasting   | |  1.8

Action                   || total
-------------------------++-------
Melee: Short sword       ||    62
 Cast: Flame Tongue      ||    33
  Use: Scroll            ||     1
 Stab: Sleeping          ||     1
  Eat: Chunk             ||     2
Armor: Robe              ||    15
Dodge: Dodged            ||    71
